 Dungeon Crawl Stone Soup version 0.30-a0-808-g6e0788376e (webtiles) character file.

Game seed: 5449968211755758181

126 cforsyth the Sneak (level 5, -10/48 HPs)
             Began as a Kobold Brigand on Feb 25, 2023.
             Killed by divine providence
             ... invoked by an orc priest
              (12 damage)
             ... on level 5 of the Dungeon.
             The game lasted 00:03:26 (3452 turns).

cforsyth the Sneak (Kobold Brigand)                 Turns: 3452, Time: 00:03:26

Health: -10/48     AC: 22    Str: 12 (14) XL:     5   Next: 32%
Magic:  5/5        EV:  3    Int: 12 (13) God:
Gold:   153        SH:  0    Dex: 15 (18) Spells: 4/4 levels left

rFire   . . .      SeeInvis +    a - +2 dagger
rCold   . . .      Faith    .    (no shield)
rNeg    . . .      Spirit   .    (body armour currently unavailable)
rPois   +          Reflect  .    (helmet currently unavailable)
rElec   .          Harm     .    (cloak currently unavailable)
rCorr   .          Rampage  .    (gloves currently unavailable)
Will    .....      NoTele   +    (boots currently unavailable)
Stlth   ++++                     (no amulet)
HPRegen 0.28/turn                m - +6 ring of strength
MPRegen 0.09/turn                p - ring of see invisible

@: brilliant, tree-form
A: stationary, stasis, torment immunity, boosted hp, small, no large weapons,
nightstalker 3
a: no special abilities


You were on level 5 of the Dungeon.
You were a tree.
You visited 1 branch of the dungeon, and saw 5 of its levels.

You collected 153 gold pieces.

Inventory:

Hand Weapons
 a - a +2 dagger (weapon)
Missiles
 d - 9 poisoned darts (quivered)
 e - 3 curare-tipped darts
Armour
 b - a +0 robe (melded)
 c - a +0 cloak (melded)
Jewellery
 m - a +6 ring of strength (left branch)
 p - a ring of see invisible (right branch)
Scrolls
 g - a scroll of immolation
 h - 3 scrolls of teleportation {unknown}
 i - a scroll of amnesia {unknown}
 j - a scroll of torment {unknown}
 k - 2 scrolls of poison {unknown}
 n - a scroll of enchant weapon {unknown}
 q - 2 scrolls of identify
 s - a scroll of magic mapping {unknown}
 u - a scroll of blinking {unknown}
 v - a scroll of butterflies {unknown}
 x - a scroll of fear {unknown}
Potions
 o - a potion of curing
 t - a potion of cancellation {unknown}
 w - 2 potions of ambrosia


   Skills:
 + Level 3.3 Fighting
 + Level 4.2 Short Blades
 - Level 2.1 Throwing
 + Level 2.9 Dodging
 + Level 6.3 Stealth


You had 4 spell levels left.
You didn't know any spells.
Your spell library contained the following spells:

 Spells                   Type           Power      Damage    Failure   Level
 Slow                     Hex            0%         N/A       32%         1
 Ensorcelled Hibernation  Hex/Ice        0%         N/A       45%         2
 Passwall                 Tmut/Erth      0%         N/A       45%         2
 Confusing Touch          Hex            0%         N/A       69%         3
 Summon Guardian Golem    Hex/Summ       0%         N/A       69%         3
 Swiftness                Air            0%         N/A       69%         3
 Vampiric Draining        Necr           0%         2d6       69%         3
 Orb of Destruction       Conj           0%         9d5       100%        7
 Spellforged Servitor     Conj/Summ      0%         N/A       100%        7
 Chain Lightning          Conj/Air       0%         N/A       100%        9
 Fire Storm               Conj/Fire      0%         5d1       100%        9
 Shatter                  Erth           0%         3d5*      100%        9


Dungeon Overview and Level Annotations

Branches:
Dungeon (5/15)
 Temple: D:4-7

Altars:
Fedhas

Shops:
D:1 :   D:2 [


Innate Abilities, Weirdness & Mutations

You are a tree.
Your roots penetrate the ground, keeping you stationary.
You cannot be teleported.
You are immune to unholy pain and torment.
Your maximum health is greatly increased.
Your equipment is partially melded.
You are small and have problems with some larger weapons.
You are completely attuned to the shadows.


Message History

The endoplasm hits you.
* * * LOW HITPOINT WARNING * * *
The orc wizard hits you with a +5 dagger.
* * * LOW HITPOINT WARNING * * *
The orc priest hits you but does no damage.
It was a potion of curing.
You feel better. The adder bites you but does no damage.
The endoplasm hits you but does no damage.
The adder misses you.
The orc wizard gestures wildly while chanting.
The orc wizard flickers and vanishes for a moment.
The orc priest hits you with a +0 dagger.
* * * LOW HITPOINT WARNING * * *
The orc hits you with a +0 club.
* * * LOW HITPOINT WARNING * * *
It was a potion of lignification.
You turn into a tree.
Your +0 cloak melds into your body.
Your +0 robe melds into your body.
Your roots penetrate the ground.
The endoplasm hits you but does no damage.
The adder bites you but does no damage. The orc hits you but does no damage.
The orc wizard hits you but does no damage.
The orc priest hits you but does no damage.
It was a potion of degeneration.
There was something very wrong with that liquid.
You feel weakened.
You feel dopey.
You feel clumsy. The adder bites you but does no damage.
The endoplasm hits you but does no damage.
The orc hits you but does no damage.
The orc wizard hits you with a +5 dagger.
* * * LOW HITPOINT WARNING * * *
The orc priest hits you but does no damage.
It was a potion of brilliance.
You feel clever all of a sudden. The adder bites you but does no damage.
The endoplasm barely misses you.
The orc wizard hits you but does no damage.
The orc wizard casts a spell.
The orc wizard flickers and vanishes for a moment.
The orc priest mumbles some strange prayers to Beogh against you.
Beogh smites you!
You die...

##.....
#.....#
......#
.....o##
...o♣Jo#
....Soo.#
..###...#
# #...
#.[


You could see an orc priest (inner flame), 2 orc wizards, an adder (inner
flame), 2 orcs and an endoplasm (inner flame).

Vanquished Creatures
  An orc priest (D:3)
  An orc wizard (D:2)
  An adder (D:3)
  2 worms (D:2)
  3 dart slugs
  5 orcs
  3 ball pythons
  3 endoplasms
  2 giant cockroaches (D:1)
  6 goblins
  6 hobgoblins
  2 quokkas
  4 bats
  5 frilled lizards
  3 rats
47 creatures vanquished.

Notes
Turn   | Place    | Note
-------+----------+-------------------------------------------
     0 | D:1      | cforsyth the Kobold Brigand began the quest for the Orb.
     0 | D:1      | Reached XP level 1. HP: 12/12 MP: 1/1
    96 | D:1      | Reached XP level 2. HP: 18/18 MP: 2/2
   319 | D:1      | Found Falo's Vocational Training.
   385 | D:1      | Reached XP level 3. HP: 9/22 MP: 3/3
  1352 | D:2      | Found Turug's Armour Boutique.
  1776 | D:2      | Reached skill level 6 in Stealth
  1776 | D:2      | Reached XP level 4. HP: 10/28 MP: 4/4
  1929 | D:3      | Reached XP level 5. HP: 7/32 MP: 5/5
  2715 | D:3      | Found a blossoming altar of Fedhas.
  3404 | D:4      | Noticed an ogre
  3446 | D:5      | Entered Level 5 of the Dungeon
  3448 | D:5      | HP: 1/32 [orc wizard/+5 dagger (4)]
  3452 | D:5      | Killed from afar by an orc priest

Illustrated notes

Levels and vault maps discovered:
D:1:      dpeg_arrival_round_c, layout_basic, nicolae_shop_vocational
D:2:      layout_basic, serial_shops, nicolae_shop_behind_doors
D:3:      layout_basic, mainiacjoe_overflow_alcove_2, minivault_23
D:4:      layout_basic, lemuel_blue_sif_altar, minmay_temple_entry_steel_oval
D:5:      lemuel_castle_with_subvaults [lemuel_castle_interior_original],
          layout_layer_cave, nicolae_shop_firing_range

Skill      XL: |  1  2  3  4 |
---------------+-------------+-----
Short Blades   | 3 4 |  4.2
Dodging        | 2 |  2.9
Fighting       | 3 |  3.3
Stealth        | 6 |  6.3
Throwing       | |  2.1

Action                     |  1- 3 |  4- 6 || total
---------------------------+-------+-------++-------
  Melee: Dagger            |    79 |    39 ||   118
    Use: Potion            |     1 |     5 ||     6
         Scroll            |       |     2 ||     2
   Stab: Sleeping          |    18 |     6 ||    24
 Armour: Robe              |     6 |     9 ||    15
         Skin              |       |    11 ||    11
  Dodge: Dodged            |    43 |    33 ||    76

Table legend: (Time is in decaauts)
 A = Elapsed time spent in this place.
 B = Non-inter-level travel time spent in this place.
 C = Inter-level travel time spent in this place.
 D = Time resting spent in this place.
 E = Time spent auto-exploring this place.
 F = Levels seen in this place.
 G = Mean time per level.
                   A        B        C        D        E       F      G
               +--------+--------+--------+--------+--------+-----+--------+
         Total |   3431 |   3270 |    161 |    479 |   2424 |   5 |  686.2 |
       Dungeon |   3431 |   3270 |    161 |    479 |   2424 |   5 |  686.2 |
               +--------+--------+--------+--------+--------+-----+--------+

Top non-repeatable levels by time:
     D:3: 1587 daAuts
     D:1: 948 daAuts
     D:2: 719 daAuts
     D:4: 170 daAuts
     D:5: 5 daAuts
